AoeStats
← Ligrete

Arabia

509476661Analyzed
2v2 RM · 5d ago on Sep 26, 2026· 34m 9s· 4 players
Game mode
Random Map
Map size
Medium (4 player)
Population
200
Speed
Normal
Resources
Standard
Victory
Conquest
Starting age
Dark Age
Ending age
Imperial Age
RankedLock teamsTeams togetherTeam positionsShared explorationLock speedFull tech treeHidden civsTurbo modeCheats
Victory
Defeat
1144
+14
🇷🇺 Hindustanis · Russia
1085
+16
🇪🇸 Bulgarians · Spain
1111
-16
🇵🇹 Lithuanians · Portugal
1066
-14
Ligrete
10:21 Feudal Age
11:09 Loom
11:00 Man-at-Arms
14:52 Arson
19:33 Wheelbarrow
19:40 Scale Mail Armor
22:06 Castle Age
21:38 Forging
23:21 Bloodlines
22:32 Light Cavalry
24:11 Double-Bit Axe
25:29 Husbandry
26:03 Scale Barding Armor
27:31 Chain Barding Armor
30:39 Hand Cart
Prince Of The Darkness
6:40 Loom
9:04 Feudal Age
8:01 Double-Bit Axe
13:46 Horse Collar
15:10 Bow Saw
16:12 Scale Barding Armor
17:43 Forging
18:36 Wheelbarrow
18:43 Heavy Plow
19:52 Hand Cart
23:18 Castle Age
21:30 Gold Mining
23:49 Gold Shaft Mining
23:21 Cavalier
24:01 Husbandry
24:23 Chain Barding Armor
24:16 Light Cavalry
25:58 Two-Man Saw
28:36 Iron Casting
30:27 Fletching
30:54 Stone Mining
36:22 Imperial Age
34:26 Crop Rotation
jabibu
6:38 Loom
9:37 Feudal Age
15:47 Double-Bit Axe
18:23 Horse Collar
25:26 Castle Age
24:31 Scale Mail Armor
24:41 Forging
25:50 Arson
25:57 Gambesons
26:17 Squires
26:27 Pikeman
29:39 Town Watch
29:59 Heavy Plow
30:32 Stone Mining
Toxytocin
9:44 Feudal Age
7:59 Loom
13:38 Scale Barding Armor
13:46 Forging
20:41 Bloodlines
20:19 Double-Bit Axe
24:21 Castle Age
23:03 Horse Collar
23:15 Gold Mining
31:41 Chain Barding Armor
Connection lost

Rejoining the realm…

Still unreachable

The connection could not be restored.

Session expired

The server has moved on; the page needs a fresh start.